 Dungeon Crawl Stone Soup version 0.23.2-1-ga50397a6bc (webtiles) character file.

Game seed: 16580052677682893028

7950 Gargoyl the Agent of Entropy (level 11, -22/80 HPs)
             Began as a Centaur Abyssal Knight on May 1, 2019.
             Was a Priest of Lugonu.
             Killed from afar by a ynoxinul (28 damage)
             ... with an iron shot
             ... on level 1 of the Abyss.
             The game lasted 00:22:12 (14203 turns).

Gargoyl the Agent of Entropy (CeAK)                Turns: 14203, Time: 00:22:12

Health: -22/80     AC: 16    Str: 20      XL:     11   Next: 3%
Magic:  4/16       EV:  4    Int: 10 (11) God:    Lugonu [***...]
Gold:   388        SH: 10    Dex: 11 (12) Spells: 10/10 levels left

rFire    . . .     SeeInvis +   p - +3 long sword "Sigheric" {venom, SInv}
rCold    . . .     Gourm    .   n - +1 shield
rNeg     . . .     Faith    .   y - +0 plate armour
rPois    .         Spirit   .   d - +1 helmet
rElec    .         Reflect  .   r - +2 cloak
rCorr    .         Harm     .   (no gloves)
MR       +....                  (no barding)
Stlth    ..........             (no amulet)
HPRegen  0.23/turn              (no ring)
MPRegen  0.15/turn              (no ring)

@: mighty, very quick
A: large, hooves 3, blink, deformed body, speed 2, frail 1, magic resistance 1,
screaming 1, tough skin 3, evolution 1
a: Blink, Depart the Abyss, Bend Space, Banish, Renounce Religion


You were on level 1 of the Abyss.
You worshipped Lugonu.
Lugonu was most pleased with you.
You were very hungry.

You visited 1 branch of the dungeon, and saw 10 of its levels.
You visited the Abyss 2 times.
You also visited: Sewer.

You collected 644 gold pieces.
You spent 256 gold pieces at shops.

Inventory:

Hand Weapons
 a - a +4 hand axe
 p - the +3 long sword "Sigheric" (weapon) {venom, SInv}
   (You found it on level 6 of the Dungeon)

   It poisons the flesh of those it strikes.
   It lets you see invisible.
 B - a +1 hand axe of flaming
Missiles
 k - 6 poisoned javelins (quivered)
Armour
 d - a +1 helmet (worn)
 n - a +1 shield (worn)
 r - a +2 cloak (worn)
 y - a +0 plate armour (worn)
Wands
 g - a wand of random effects (54)
 s - a wand of paralysis (19)
 u - a wand of flame (25)
 w - a wand of disintegration (10)
Scrolls
 e - a scroll of amnesia
 f - 3 scrolls of identify
 i - a scroll of magic mapping
 o - 3 scrolls of remove curse
 t - a scroll of teleportation
 A - a scroll of vulnerability {unknown}
Potions
 b - 2 potions of cancellation
 h - a potion of agility
 j - 2 potions of brilliance
 l - a potion of lignification
 q - 3 potions of resistance
 v - a potion of magic
 x - a potion of mutation
Comestibles
 c - 19 rations


   Skills:
 + Level 6.0 Fighting
 + Level 4.0 Long Blades
 + Level 6.3 Axes
 + Level 0.7 Throwing
 * Level 7.2 Armour
 * Level 5.0 Dodging
 + Level 3.7 Shields
 * Level 7.5 Invocations


You had 10 spell levels left.
You didn't know any spells.
Your spell library contained the following spells:

 Spells                   Type           Power        Failure   Level  Hunger
 Magic Dart               Conj           #...         100%        1    ##.....
 Blink                    Tloc           N/A          100%        2    ###....
 Call Imp                 Summ           #.......     100%        2    ###....
 Slow                     Hex            #.......     100%        2    ###....
 Conjure Flame            Conj/Fire      #.......     100%        3    ####...
 Mephitic Cloud           Conj/Pois/Air  #.......     100%        3    ####...


Dungeon Overview and Level Annotations

Branches:
Dungeon (10/15)            Temple (0/1) D:7
   Lair: D:8-11         Orc: D:9-12

Altars:
Fedhas
Okawaru
Yredelemnul
The Shining One

Shops:
D:4 (   D:5 }   D:6 [   D:7 *

Annotations:
D:9 1 runed translucent door
D:10 Ykky's ghost, journeyman VSGl


Innate Abilities, Weirdness & Mutations

You have hooves in place of feet.
Armour fits poorly on your strangely shaped body.
You cover ground very quickly.
You have extremely tough skin. (AC +3)
You can translocate small distances at will.
You are frail. (-10% HP)
You are resistant to hostile enchantments. (MR+)
You occasionally shout uncontrollably at your foes.
You evolve.


Message History

You riposte.
You slash the demonic crawler!
The demonic crawler is almost dead.
The demonic crawler barely misses you. You block the demonic crawler's attack.
You hit the demonic crawler but do no damage.
The demonic crawler is almost dead.
The demonic crawler hits you.
* * * LOW HITPOINT WARNING * * *
The demonic crawler hits you but does no damage.
You block the demonic crawler's attack. x2
The demonic crawler hits you but does no damage.
The demonic crawler hits you.
* * * LOW HITPOINT WARNING * * *
The ynoxinul barely misses you.
Unknown command.
You slash the demonic crawler!
You kill the demonic crawler!
Your Long Blades skill increases to level 4!
The ynoxinul gestures at you. The iron shot hits you!!
You die...

..# ..#
.. .. .#
.# ##.#
#@.#
#.3†##
......#
..##....#
#.....
......
#......
.......#


You could see a ynoxinul.

Vanquished Creatures
  A hydra (D:9)
  Erolcha (D:9)
  A demonic crawler (Abyss:1)
  A hornet (D:7)
  A hippogriff (D:7)
  2 dream sheep (D:9)
  2 yaks (D:9)
  2 wargs
  5 sky beasts
  2 phantoms
  2 orc warriors (D:9)
  2 ogres (D:7)
  5 necrophages (D:6)
  5 centaurs
  A crocodile (D:9)
  4 big kobolds
  7 bullfrogs
  6 scorpions
  5 wights (D:6)
  5 killer bees (D:7)
  4 howler monkeys
  7 crimson imps
  2 jellies (D:10)
  A quasit (D:9)
  2 bullfrog zombies
  A bullfrog skeleton (D:6)
  An orc priest (D:9)
  5 hounds
  4 orc wizards
  A centaur skeleton (D:5)
  An iguana (D:6)
  8 worker ants
  A hound zombie (D:6)
  A worker ant zombie (D:5)
  10 gnolls
  12 adders
  A shadow imp (D:9)
  15 oozes
  An adder zombie (D:6)
  An adder skeleton (D:6)
  5 worms
  2 dart slugs (D:1)
  13 leopard geckos
  8 orcs
  11 ball pythons
  15 giant cockroaches
  14 goblins
  6 hobgoblins
  5 jackals
  3 quokkas
  9 bats
  9 frilled lizards
  A jackal skeleton (D:6)
  14 kobolds
  2 quokka skeletons
  4 rats
  A bush (D:6)
261 creatures vanquished.

Vanquished Creatures (others)
  The ghost of voshxz the Chopper, an amateur MiBe of Trog (D:4)
  2 plants (D:6)
3 creatures vanquished.

Grand Total: 264 creatures vanquished

Notes
Turn   | Place    | Note
-------+----------+-------------------------------------------
     0 | Abyss:1  | Gargoyl the Centaur Abyssal Knight began the quest for the
                  | Orb.
     0 | Abyss:1  | Reached XP level 1. HP: 19/19 MP: 2/2
    48 | D:1      | Escaped the Abyss
   575 | D:1      | Reached XP level 2. HP: 26/26 MP: 3/3
   577 | D:1      | Reached * piety under Lugonu
  1096 | D:1      | Reached skill level 1 in Dodging
  1243 | D:2      | Reached XP level 3. HP: 13/31 MP: 4/4
  1730 | D:2      | Reached XP level 4. HP: 35/39 MP: 5/5
  2248 | D:2      | Reached ** piety under Lugonu
  2817 | D:2      | Reached XP level 5. HP: 27/46 MP: 7/7
  3736 | D:4      | Found a glowing drain.
  3742 | Sewer    | Entered a sewer
  4062 | Sewer    | Reached *** piety under Lugonu
  4166 | Sewer    | Reached XP level 6. HP: 49/52 MP: 8/8
  4182 | Sewer    | Reached skill level 1 in Shields
  4185 | Sewer    | Gained mutation: You evolve. [potion of mutation]
  4185 | Sewer    | Gained mutation: You are clumsy. (Dex -2) [potion of
                  | mutation]
  4185 | Sewer    | Gained mutation: Your spells are a little harder to cast,
                  | but a little more powerful. [potion of mutation]
  4572 | D:5      | Entered Level 5 of the Dungeon
  4682 | D:4      | Gained mutation: You tend to lose your temper in combat.
                  | [evolution]
  4683 | D:4      | Found Meonluwk's Weapon Emporium.
  4993 | D:5      | Reached XP level 7. HP: 22/59 MP: 9/9
  5396 | D:4      | Found a runed translucent door.
  5397 | D:4      | Noticed voshxz's ghost (amateur MiBe)
  5442 | D:4      | Reached **** piety under Lugonu
  5826 | D:4      | Banished voshxz's ghost
  6580 | D:6      | Found Xaesac's Antique Armour Shoppe.
  6594 | D:6      | Bought a faintly glowing chain mail for 256 gold pieces
  6604 | D:6      | Identified the +0 chain mail of the Clam {+Blink rPois rC-
                  | Int-3} (You bought it in a shop on level 6 of the Dungeon)
  7397 | D:6      | Reached XP level 8. HP: 55/67 MP: 11/11
  7967 | D:5      | Found Fiatienic's Gadget Emporium.
  8454 | D:6      | Reached skill level 5 in Invocations
  8591 | D:6      | Reached skill level 5 in Axes
  8686 | D:6      | Got an ebony long sword
  8687 | D:6      | Identified the +3 long sword "Sigheric" {venom, SInv} (You
                  | found it on level 6 of the Dungeon)
  8900 | D:6      | Found a blossoming altar of Fedhas.
  8949 | D:6      | Gained mutation: Your spells are harder to cast, but more
                  | powerful. [evolution]
  9066 | D:6      | Reached XP level 9. HP: 53/69 MP: 12/12
  9069 | D:6      | Reached skill level 5 in Armour
  9334 | D:7      | Reached skill level 5 in Fighting
  9344 | D:7      | Found Carurphuh's Assorted Antiques.
  9350 | D:7      | Reached ***** piety under Lugonu
  9545 | D:7      | Reached skill level 1 in Long Blades
  9630 | D:7      | Found a staircase to the Ecumenical Temple.
  9779 | D:7      | Found an iron altar of Okawaru.
 10865 | D:8      | Found a basalt altar of Yredelemnul.
 10888 | D:8      | Lost mutation: Your spells are harder to cast, but more
                  | powerful. [potion of mutation]
 10888 | D:8      | Lost mutation: You tend to lose your temper in combat.
                  | [potion of mutation]
 10888 | D:8      | Lost mutation: You are clumsy. (Dex -2) [potion of
                  | mutation]
 10888 | D:8      | Lost mutation: Your spells are a little harder to cast, but
                  | a little more powerful. [potion of mutation]
 10888 | D:8      | Gained mutation: You occasionally shout uncontrollably at
                  | your foes. [potion of mutation]
 10888 | D:8      | Gained mutation: You are resistant to hostile enchantments.
                  | (MR+) [potion of mutation]
 11516 | D:9      | Reached XP level 10. HP: 76/76 MP: 14/14
 11573 | D:9      | Noticed Erolcha
 11622 | D:9      | Killed Erolcha
 11881 | D:9      | Found a runed translucent door.
 11881 | D:9      | Found a glowing golden altar of the Shining One.
 11881 | D:9      | Noticed an angel
 12057 | D:9      | Gained mutation: You can translocate small distances at
                  | will. [evolution]
 12674 | D:9      | Noticed a two-headed hydra
 12702 | D:9      | Killed a one-headed hydra
 13108 | D:10     | Entered Level 10 of the Dungeon
 14082 | D:10     | Found a transporter.
 14093 | D:10     | Reached skill level 5 in Dodging
 14093 | D:10     | Reached XP level 11. HP: 89/89 MP: 16/16
 14095 | D:10     | Noticed Ykky's ghost (journeyman VSGl)
 14096 | D:10     | Found a transporter.
 14098 | D:10     | Gained mutation: You are frail. (-10% HP) [a neqoxec]
 14131 | D:10     | HP: 4/80 [orc warrior/+0 broad axe (17)]
 14203 | Abyss:1  | Killed from afar by a ynoxinul

Skill      XL: |  1  2  3  4  5  6  7  8  9 10 11 |
---------------+----------------------------------+-----
Axes           | 2 3 4 5 6 |  6.3
Dodging        | 1 2 3 4 5 |  5.0
Armour         | 2 3 4 6 7 |  7.2
Invocations    | 3 4 5 6 7 |  7.5
Shields        | 1 2 3 |  3.7
Fighting       | 4 5 6 |  6.0
Long Blades    | 2 3 4 |  4.0
Throwing       | |  0.7

Action                   |  1- 3 |  4- 6 |  7- 9 | 10-12 || total
-------------------------+-------+-------+-------+-------++-------
Melee: Hand axe          |    84 |   291 |   309 |   159 ||   843
       Kick              |    13 |    54 |   103 |    75 ||   245
       Long sword        |       |       |   193 |   122 ||   315
Throw: Tomahawk          |     3 |       |       |       ||     3
       Javelin           |       |       |     6 |     2 ||     8
Invok: Depart the Abyss  |     1 |       |       |       ||     1
       Bend Space        |       |     1 |       |     1 ||     2
       Banish            |       |       |     2 |     4 ||     6
       Enter the Abyss   |       |       |       |     1 ||     1
  Use: Scroll            |     1 |     9 |    12 |     3 ||    25
       Potion            |       |     1 |     3 |     5 ||     9
  Eat: Chunk             |     1 |     9 |     6 |     3 ||    19
       Ration            |       |       |     4 |     2 ||     6
Armor: Ring mail         |    31 |       |       |       ||    31
       Chain mail        |    22 |   262 |   336 |       ||   620
       Skin              |       |       |    16 |       ||    16
       Plate armour      |       |       |     9 |   215 ||   224
Dodge: Dodged            |    27 |    25 |    67 |    32 ||   151
Block: Shield            |    14 |   143 |   201 |   175 ||   533
       Rpst.: Long sword |       |       |     8 |     4 ||    12
